 Dungeon Crawl Stone Soup version 0.23-a0-701-gd76f34b (webtiles) character file.

137146 tilp the Gelid (level 17, -7/133 HPs)
             Began as a Merfolk Ice Elementalist on Jan 11, 2019.
             Was the Champion of Makhleb.
             Mangled by a merfolk impaler
             ... wielding a +3 trident of freezing
              (23 damage)
             ... on level 4 of the Shoals on Jan 12, 2019.
             The game lasted 02:45:03 (37092 turns).

tilp the Gelid (Merfolk Ice Elementalist)          Turns: 37092, Time: 02:45:04

Health: -7/133     AC: 11    Str:  9    XL:     17   Next: 23%
Magic:  30/30      EV: 15    Int: 25    God:    Makhleb [******]
Gold:   575        SH:  9    Dex: 15    Spells: 7/34 levels left

rFire    + . .     SeeInvis .   a - +7 demon trident (drain)
rCold    + . .     Gourm    .   S - +0 buckler
rNeg     + . .     Faith    .   X - +1 leather armour {rPois}
rPois    +         Spirit   .   N - -2 hat of the Alchemist {rElec rPois rF+ rC+ rN+ MR+ rMut rCorr}
rElec    +         Reflect  +   d - +2 cloak {+Inv}
rCorr    +         Harm     .   q - +2 pair of gloves
rMut     +                      w - +2 pair of boots {run}
MR       ++...                  J - +4 amulet of reflection
Stlth    ++........             j - +1 ring of slaying
HPRegen  0.32/turn              L - +5 ring of intelligence
MPRegen  0.22/turn

@: quick
A: change form in water, swift swim, stealthy swim
a: Minor Destruction, Lesser Servant of Makhleb, Major Destruction, Greater
Servant of Makhleb, Renounce Religion, Evoke Invisibility


You were on level 4 of the Shoals.
You worshipped Makhleb.
Makhleb was exalted by your worship.
You were not hungry.

You visited 5 branches of the dungeon, and saw 28 of its levels.
You also visited: Sewer, Ossuary, Gauntlet and Ice Cave.

You collected 2805 gold pieces.
You spent 2230 gold pieces at shops.

Inventory:

Hand Weapons
 a - a +7 demon trident of draining (weapon)
Missiles
 y - 42 tomahawks (quivered)
Armour
 d - a +2 cloak of invisibility (worn)
 q - a +2 pair of gloves (worn)
 w - a +2 pair of boots of running (worn)
 N - the -2 hat of the Alchemist (worn) {rElec rPois rF+ rC+ rN+ MR+ rMut rCorr}
   (You found it in an ice cave)

   It protects you from fire.
   It protects you from cold.
   It insulates you from electricity.
   It protects you from poison.
   It protects you from negative energy.
   It affects your resistance to hostile enchantments.
   It provides partial protection from all sources of acid and corrosion.
   It protects you from mutation.
 S - a +0 buckler (worn)
 T - a +2 helmet of see invisible
 V - the +2 pair of boots of Caroyhoo {rPois rF+ Str+4}
   (You bought it in a shop on level 2 of the Orcish Mines)

   It affects your strength (+4).
   It protects you from fire.
   It protects you from poison.
 X - a +1 leather armour of poison resistance (worn)
 Y - the +1 robe of the Depths {rElec MR+++ Dex-2 Stlth+}
   (You bought it in a shop on level 2 of the Orcish Mines)

   It affects your dexterity (-2).
   It insulates you from electricity.
   It affects your resistance to hostile enchantments.
   It makes you more stealthy.
 Z - the +0 pair of gloves of Abstinence {rF- rC+++ rN+ Regen+}
   (You found it in an ice cave)

   It makes you vulnerable to fire.
   It renders you almost immune to cold.
   It protects you from negative energy.
   It increases your rate of regeneration.
Magical Staves
 b - an uncursed staff of cold
Jewellery
 j - a +1 ring of slaying (left hand)
 k - an uncursed ring of positive energy
 u - an uncursed ring of resist corrosion
 C - an uncursed ring of flight
 J - a +4 amulet of reflection (around neck)
 L - a +5 ring of intelligence (right hand)
Wands
 n - a wand of acid (39)
 r - a wand of scattershot (7)
 F - a wand of flame (57)
 I - a wand of disintegration (10)
 O - a wand of clouds (3)
 Q - a wand of paralysis (19)
 R - a wand of digging (5)
 U - a wand of enslavement (4)
Scrolls
 e - a scroll of brand weapon
 f - 10 scrolls of identify
 g - 7 scrolls of teleportation
 l - a scroll of enchant armour
 o - 8 scrolls of amnesia
 s - 3 scrolls of magic mapping
 E - 2 scrolls of fog
 H - a scroll of blinking
 K - 4 scrolls of fear
 W - 18 scrolls of remove curse
Potions
 h - 2 potions of haste
 i - 6 potions of might
 m - 4 potions of mutation
 p - 2 potions of berserk rage
 t - 2 potions of invisibility
 x - 16 potions of curing
 z - 7 potions of heal wounds
 B - 5 potions of brilliance
 D - 2 potions of resistance
 G - 3 potions of cancellation
 M - a potion of agility
 P - 6 potions of ambrosia
Miscellaneous
 v - a lamp of fire
Comestibles
 c - 34 rations
 A - 3 chunks of flesh


   Skills:
 - Level 12.0 Fighting
 - Level 14.0 Polearms
 - Level 6.1 Dodging
 - Level 2.1 Stealth
 - Level 4.3 Shields
 + Level 9.2 Spellcasting
 - Level 4.0 Conjurations
 - Level 4.0 Hexes
 - Level 6.0 Charms
 - Level 4.0 Summonings
 - Level 18.0 Ice Magic
 - Level 12.0 Invocations
 - Level 10.0 Evocations


You had 7 spell levels left.
You knew the following spells:

 Your Spells              Type           Power        Failure   Level  Hunger
a - Freeze                Ice            ####         0%          1    None
b - Throw Frost           Conj/Ice       ######       1%          2    None
c - Ozocubu's Armour      Chrm/Ice       ######..     1%          3    None
d - Throw Icicle          Conj/Ice       ######..     1%          4    #......
e - Summon Ice Beast      Ice/Summ       ######..     1%          4    #......
f - Spectral Weapon       Hex/Chrm       #####...     2%          3    None
g - Regeneration          Chrm/Necr      ####......   6%          3    None
h - Tukima's Dance        Hex            ####....     4%          3    None
i - Apportation           Tloc           ##....       8%          1    None
j - Summon Butterflies    Summ           ####....     1%          1    None
k - Blink                 Tloc           N/A          12%         2    None

Your spell library contained the following spells:

 Spells                   Type           Power        Failure   Level  Hunger
 Confusing Touch          Hex            ####..       1%          1    None
 Corona                   Hex            ####...      1%          1    None
 Infusion                 Chrm           ####         1%          1    None
 Magic Dart               Conj           ####         1%          1    None
 Song of Slaying          Chrm           #####...     1%          2    None
 Call Imp                 Summ           ####....     2%          2    None
 Slow                     Hex            ####....     2%          2    None
 Metabolic Englaciation   Hex/Ice        ######....   2%          5    ####...
 Shroud of Golubria       Chrm/Tloc      ####......   3%          2    None
 Confuse                  Hex            ####....     4%          3    None
 Animate Skeleton         Necr           N/A          8%          1    None
 Pain                     Necr           ##..         8%          1    None
 Conjure Flame            Conj/Fire      ###.....     10%         3    None
 Inner Flame              Hex/Fire       ###.....     10%         3    None
 Portal Projectile        Hex/Tloc       ###...       10%         3    None
 Recall                   Summ/Tloc      N/A          10%         3    None
 Mephitic Cloud           Conj/Pois/Air  ###.....     13%         3    None
 Cause Fear               Hex            ####......   14%         4    #......
 Gell's Gravitas          Tloc           ##........   22%         3    None
 Lesser Beckoning         Tloc           ##........   22%         3    None
 Vampiric Draining        Necr           ##........   22%         3    None
 Simulacrum               Ice/Necr       ######....   28%         6    ######.
 Leda's Liquefaction      Hex/Erth       ###.......   32%         4    #......
 Summon Lightning Spire   Summ/Air       ###.....     32%         4    #......
 Animate Dead             Necr           N/A          58%         4    #......
 Petrify                  Tmut/Erth      ##......     58%         4    #......
 Silence                  Hex/Air        ###.......   67%         5    ####...
 Yara's Violent Unravell  Hex/Tmut       ###.......   67%         5    ####...
 Alistair's Intoxication  Tmut/Pois      ##......     91%         5    ####...
 Borgnjor's Vile Clutch   Necr/Erth      ##........   91%         5    ####...
 Invisibility             Hex            ####....     92%         6    ######.
 Deflect Missiles         Chrm/Air       ####......   97%         6    ######.
 Conjure Ball Lightning   Conj/Air       ###.......   99%         6    ######.
 Death Channel            Necr           ##........   100%        6    ######.
 Malign Gateway           Summ/Tloc      ###.......   100%        7    #######
 Monstrous Menagerie      Summ           ####......   100%        7    #######
 Summon Greater Demon     Summ           ####......   100%        7    #######
 Summon Horrible Things   Summ           ####......   100%        8    #######
 Tornado                  Air            ##........   100%        9    #######


Dungeon Overview and Level Annotations

Branches:
Dungeon (15/15)            Temple (1/1) D:7            Lair (6/6) D:9
 Shoals (4/4) Lair:3       Spider (0/4) Lair:2        Slime (0/5) Lair:5
    Orc (2/2) D:12            Elf (0/3) Orc:2        Vaults (0/5) D:14
 Depths (0/5) D:15

Altars:
Ashenzari
Cheibriados
Dithmenos
Elyvilon
Fedhas
Gozag
Hepliaklqana
Kikubaaqudgha
Makhleb
Nemelex Xobeh
Okawaru
Qazlal
Ru
Sif Muna
Trog
Uskayaw
Vehumet
Wu Jian
Xom
Yredelemnul
Zin
The Shining One
Beogh

Shops:
D:5 *   D:12 (   D:14 (:*?}   Orc:2 [}(:[*[

Annotations:
Lair:2 exclusion: 3 oklob plants
Shoals:2 3 runed doors, Munoepri's ghost, adept HaHu


Message History

You hear an angry hiss.
Your +2 pair of boots of running unmelds from your body.
You feel quick.
The merfolk throws a poisoned tomahawk.
The poisoned tomahawk hits you! You block the merfolk impaler's attack.
The snapping turtle bites you from afar!!
There is a stone staircase leading up, spattered with blood here.
You see here a poisoned tomahawk.
Unknown command.
The merfolk impaler hits you with a +3 trident of freezing!
The merfolk impaler freezes you.
The merfolk throws a poisoned tomahawk.
The poisoned tomahawk hits you.
* * * LOW HITPOINT WARNING * * *
The merfolk throws an exploding tomahawk.
The exploding tomahawk hits you!
* * * LOW HITPOINT WARNING * * *
The exploding tomahawk explodes!
The explosion of tomahawk fragments engulfs you!
The explosion of tomahawk fragments engulfs the merfolk impaler.
The merfolk impaler hits you with a +3 trident of freezing!!
You die...

.≈≈≈≈≈≈≈≈≈≈...
##.≈P≈≈≈≈≈≈≈≈≈≈
#≈.P..≈≈≈≈≈≈≈≈.
#≈......≈≈≈≈≈..
#.....<.......
#.............
#...........$.
##.....≈≈....≈≈
.....t.@m..m.≈≈
..)........≈...
..............≈
.......≈≈≈≈..≈≈
≈.≈≈≈.≈≈≈≈≈≈≈.≈
≈≈≈≈≈≈≈mm≈≈≈m≈≈
≈≈≈≈≈≈≈≈≈≈≈≈≈≈≈
≈≈≈≈≈≈≈≈≈≈≈≈≈≈≈


You could see a merfolk impaler, a merfolk aquamancer, a snapping turtle and 3
merfolk.

Vanquished Creatures
  An Ice Fiend (IceCv)
  Kirke (D:12)
  Louise (D:14)
  An orc warlord (Orc:2)
  An ironheart preserver (D:14)
  Nessos (D:13)
  4 merfolk javelineers
  4 merfolk impalers
  Josephine (D:10)
  6 hydras
  2 fire dragons (D:15)
  Harold (Orc:1)
  A death knight (D:12)
  Erica (D:8)
  7 two-headed ogres
  5 merfolk avatars
  An alligator snapping turtle (Shoals:1)
  2 merfolk aquamancers (Shoals:1)
  A satyr (Shoals:2)
  5 centaur warriors
  3 death yaks (Lair:6)
  Urug (D:10)
  3 orc high priests (Orc:2)
  Sonja (D:12)
  The ghost of confidenceinterval the Fighter, a novice GnWn of Okawaru (D:7)
  4 skeletal warriors (D:12)
  A wizard (D:15)
  4 unseen horrors
  11 sea snakes
  4 harpies (Shoals:3)
  A lindwurm (Lair:6)
  An orb spider (Lair:2)
  A wolf spider zombie (D:15)
  A phantasmal warrior (D:12)
  6 orc sorcerers
  10 ugly things
  A deep elf mage (D:14)
  4 orc knights (Orc:2)
  11 fauns
  6 manticores
  4 cyclopes
  An ice statue (IceCv)
  4 water nymphs
  A black mamba (Lair:4)
  4 merfolk sirens
  An elephant (Shoals:2)
  A gargoyle (D:15)
  5 centaur zombies
  4 rime drakes
  4 freezing wraiths
  2 kobold demonologists
  23 spiny frogs
  4 komodo dragons
  An efreet (D:15)
  2 anaconda simulacra (IceCv)
  3 tyrant leeches (Lair:6)
  16 merfolk
  5 ice devils (IceCv)
  10 trolls
  3 meliai (Shoals:2)
  A polar bear (Lair:3)
  4 wind drakes
  6 slime creatures (D:12)
  22 blink frogs
  A hornet (D:12)
  A wolf spider simulacrum (IceCv)
  5 snapping turtles
  11 hippogriffs
  A meliai zombie (D:11)
  4 water elementals
  6 wraiths
  5 wyverns
  2 dire elephant simulacra (IceCv)
  30 yaks
  2 hungry ghosts
  6 vampire mosquitoes
  5 steam dragons
  4 wargs
  A death yak simulacrum (IceCv)
  2 acid dragons
  The ghost of feelmyfire the Ruffian, an amateur GrWr (D:4)
  4 hydra simulacra (IceCv)
  3 harpy simulacra (IceCv)
  3 iron troll simulacra (IceCv)
  12 water moccasins
  11 porcupines
  2 sky beasts
  A swamp drake (shapeshifter) (D:13)
  Duvessa (D:7)
  33 orc warriors
  An eye of draining (D:12)
  4 ice beasts
  2 black bears
  An ettin simulacrum (IceCv)
  A necrophage (D:11)
  A hornet zombie (D:15)
  4 phantoms
  12 ogres
  14 wolves
  12 centaurs
  16 crocodiles
  2 elf zombies (Ossuary)
  27 bullfrogs
  3 big kobolds
  Dowan (D:7)
  A wyvern zombie (D:8)
  2 scorpions
  A swamp dragon simulacrum (IceCv)
  3 killer bees (D:11)
  14 wights
  3 electric eels
  A howler monkey (D:7)
  9 crimson imps
  5 lava snakes (D:12)
  A draconian simulacrum (IceCv)
  4 hounds
  31 orc priests
  6 jellies
  30 orc wizards
  2 bullfrog skeletons
  3 centaur skeletons
  7 iguanas
  4 hell rats (Lair:2)
  A troll simulacrum (IceCv)
  10 worker ants
  A polar bear simulacrum (IceCv)
  A killer bee zombie (D:9)
  5 big kobold zombies (Ossuary)
  A wolf simulacrum (IceCv)
  4 centaur simulacra (IceCv)
  A hound zombie (Ossuary)
  4 mummies (Ossuary)
  2 hound skeletons
  2 worker ant zombies
  A howler monkey skeleton (D:9)
  19 adders
  3 gnolls (D:7)
  3 naga simulacra (IceCv)
  5 ogre simulacra (IceCv)
  14 river rats
  5 shadow imps
  5 white imps (IceCv)
  2 ufetubi (IceCv)
  3 oozes (Lair:5)
  An adder skeleton (D:6)
  4 adder zombies
  3 worms
  6 leopard geckos
  114 orcs
  5 bats
  8 giant cockroaches
  16 goblins
  11 hobgoblins
  12 jackals
  7 quokkas
  10 ball pythons
  2 frilled lizards
  A gnoll zombie (Ossuary)
  2 goblin zombies
  26 kobolds
  2 leopard gecko skeletons
  2 quokka zombies
  30 rats
  A plant (Lair:6)
993 creatures vanquished.

Vanquished Creatures (collateral kills)
  Rupert (D:13)
  A satyr (Shoals:3)
  A skeletal warrior (D:12)
  A centaur zombie (D:13)
  A faun (Shoals:3)
  A merfolk siren (Lair:3)
  2 merfolk
  A water elemental (Shoals:1)
  3 orc wizards (Orc:2)
  2 orc priests (Orc:2)
  2 orcs (Orc:2)
16 creatures vanquished.

Vanquished Creatures (others)
  2 fauns
  2 humans (D:13)
  A centaur (D:15)
  A bush (D:9)
  14 fungi
  38 plants
  26 spectral weapons
84 creatures vanquished.

Grand Total: 1093 creatures vanquished

Notes
Turn   | Place    | Note
-------+----------+-------------------------------------------
     0 | D:1      | tilp the Merfolk Ice Elementalist began the quest for the
                  | Orb.
     0 | D:1      | Reached XP level 1. HP: 13/13 MP: 3/3
   379 | D:1      | Reached XP level 2. HP: 14/19 MP: 0/5
   385 | D:1      | Reached skill level 4 in Ice Magic
   872 | D:1      | Reached XP level 3. HP: 24/24 MP: 3/6
   876 | D:1      | Learned a level 2 spell: Throw Frost
   880 | D:1      | Learned a level 3 spell: Ozocubu's Armour
  1438 | D:2      | Found a faded altar of an unknown god.
  1599 | D:2      | Reached skill level 5 in Ice Magic
  1822 | D:2      | Reached XP level 4. HP: 29/30 MP: 5/7
  2718 | D:3      | Reached skill level 6 in Ice Magic
  2723 | D:3      | Reached XP level 5. HP: 34/35 MP: 0/8
  2910 | D:3      | Reached skill level 1 in Fighting
  3981 | D:4      | Reached XP level 6. HP: 44/44 MP: 5/9
  3995 | D:4      | Found a glowing drain.
  4075 | Sewer    | Entered a sewer
  5157 | D:4      | Noticed a phantom
  5215 | D:4      | Killed a phantom
  5215 | D:4      | Reached XP level 7. HP: 27/50 MP: 13/13
  5627 | D:4      | Found a runed door.
  5627 | D:4      | Noticed feelmyfire's ghost (amateur GrWr)
  5675 | D:4      | Reached skill level 7 in Ice Magic
  6290 | D:5      | Entered Level 5 of the Dungeon
  6298 | D:5      | Reached skill level 8 in Ice Magic
  6476 | D:5      | Reached skill level 1 in Evocations
  6476 | D:5      | Reached XP level 8. HP: 41/56 MP: 14/14
  7109 | D:5      | Found Famoplas's Elemental Accessories.
  7747 | D:6      | Reached skill level 9 in Ice Magic
  8093 | D:6      | Found an opulent altar of Gozag.
  8118 | D:6      | Reached skill level 10 in Ice Magic
  8323 | D:6      | Reached skill level 1 in Conjurations
  8323 | D:6      | Reached XP level 9. HP: 46/61 MP: 15/15
  8415 | D:6      | Reached skill level 1 in Charms
  8967 | D:7      | Reached skill level 5 in Dodging
  9252 | D:7      | Found a sand-covered staircase.
  9259 | Ossuary  | Entered an ossuary
  9653 | D:7      | Reached skill level 5 in Fighting
  9932 | D:6      | Learned a level 4 spell: Throw Icicle
  9937 | D:6      | Learned a level 4 spell: Summon Ice Beast
 10001 | D:7      | Found a staircase to the Ecumenical Temple.
 10022 | Temple   | Entered the Ecumenical Temple
 10157 | Temple   | Became a worshipper of Makhleb the Destroyer
 10234 | D:7      | Found a runed gate.
 10234 | D:7      | Found a runed gate.
 10234 | D:7      | Found a runed gate.
 10271 | D:7      | Reached skill level 1 in Polearms
 10570 | D:7      | Noticed Dowan
 10570 | D:7      | Noticed Duvessa
 10584 | D:7      | Killed Duvessa
 10584 | D:7      | Reached XP level 10. HP: 69/76 MP: 16/16
 10589 | D:7      | Killed Dowan
 10763 | D:7      | Noticed confidenceinterval's ghost (novice GnWn)
 10768 | D:7      | Found a roughly hewn altar of Beogh.
 10768 | D:7      | Identified the cursed +1 dire flail "Zebel" {antimagic,
                  | Dex+8}
 10768 | D:7      | Identified the +8 chain mail of the Monk {rF+ Int+6}
 10827 | D:8      | Found an ornate altar of the Wu Jian Council.
 10892 | D:8      | Reached skill level 5 in Polearms
 10901 | D:8      | Noticed Erica
 11147 | D:8      | Noticed a two-headed ogre
 11252 | D:8      | Killed a two-headed ogre
 11558 | D:9      | Noticed a two-headed ogre
 11578 | D:9      | Killed a two-headed ogre
 11578 | D:9      | Reached skill level 10 in Polearms
 11885 | D:9      | Got a crystal trident
 11886 | D:9      | Identified the +9 trident "Woytymue" {drain, rN+ Str+3}
                  | (You found it on level 9 of the Dungeon)
 12240 | D:9      | Reached * piety under Makhleb
 12410 | D:9      | Noticed a two-headed ogre
 12417 | D:9      | Killed a two-headed ogre
 12417 | D:9      | Reached XP level 11. HP: 76/81 MP: 17/17
 12883 | D:9      | Found a staircase to the Lair.
 12895 | D:9      | Reached skill level 1 in Invocations
 13107 | D:10     | Entered Level 10 of the Dungeon
 13155 | D:10     | Noticed a two-headed ogre
 13159 | D:10     | Killed a two-headed ogre
 13159 | D:10     | Reached skill level 1 in Shields
 13297 | D:10     | Noticed Urug
 13313 | D:10     | Killed Urug
 13313 | D:10     | Reached ** piety under Makhleb
 13416 | D:10     | Learned a level 3 spell: Spectral Weapon
 13771 | D:10     | Upgraded the game from 0.23-a0-690-g0a1fc62 to
                  | 0.23-a0-701-gd76f34b
 13777 | D:10     | Killed an unseen horror
 13910 | D:10     | Noticed Josephine
 13949 | D:10     | Killed Josephine
 13949 | D:10     | Reached skill level 5 in Invocations
 14159 | D:11     | Noticed a white ugly thing
 14216 | D:11     | Noticed a cyclops
 14243 | D:10     | HP: 2/81 [white ugly thing (24)]
 14245 | D:10     | Killed a white ugly thing
 14245 | D:10     | Reached skill level 1 in Summonings
 14591 | D:11     | Killed a cyclops
 14591 | D:11     | Reached skill level 1 in Hexes
 14790 | D:11     | Reached XP level 12. HP: 88/88 MP: 18/18
 14821 | D:11     | Reached *** piety under Makhleb
 15025 | D:11     | Reached skill level 5 in Charms
 15700 | D:4      | Killed feelmyfire's ghost
 15932 | D:7      | Killed confidenceinterval's ghost
 15932 | D:7      | Reached skill level 5 in Spellcasting
 16072 | D:8      | Killed Erica
 16272 | Lair:1   | Entered Level 1 of the Lair of Beasts
 17050 | Lair:2   | Reached **** piety under Makhleb
 17064 | Lair:2   | Found a gate leading to a gauntlet.
 17082 | Gauntlet | Entered a Gauntlet
 17082 | Gauntlet | Found a transporter.
 17082 | Gauntlet | Found a transporter.
 17094 | Gauntlet | Found a transporter.
 17098 | Gauntlet | Found a transporter.
 17107 | Gauntlet | Found a transporter.
 17110 | Gauntlet | Found a transporter.
 17126 | Gauntlet | Found a transporter.
 17126 | Gauntlet | Identified the ring of Ugymirok {rF- Int+2 Dex+6 Stlth-}
 17138 | Gauntlet | Found a transporter.
 17139 | Gauntlet | Noticed a great orb of eyes
 17156 | Gauntlet | Found a transporter.
 17160 | Gauntlet | Found a transporter.
 17160 | Gauntlet | Noticed a death ooze
 17172 | Gauntlet | Found a transporter.
 17172 | Gauntlet | Found a transporter.
 17434 | Lair:2   | Found a hole to the Spider Nest.
 17669 | Lair:2   | Learned a level 3 spell: Regeneration
 17761 | Lair:2   | Noticed a six-headed hydra
 17769 | Lair:2   | Killed a one-headed hydra
 17775 | Lair:2   | Reached skill level 11 in Ice Magic
 17807 | Lair:2   | Noticed a six-headed hydra
 17818 | Lair:2   | Killed a one-headed hydra
 18061 | Lair:2   | Reached XP level 13. HP: 82/93 MP: 22/22
 18181 | Lair:2   | Found a radiant altar of Vehumet.
 18242 | Lair:2   | Found the +15 Maxwell's patent armour {-Cast -Tele rElec
                  | MR+ rCorr}
 18385 | Lair:2   | Reached skill level 12 in Ice Magic
 19169 | Lair:3   | Found a staircase to the Shoals.
 19654 | Lair:4   | Reached ***** piety under Makhleb
 19920 | Lair:4   | Reached skill level 13 in Ice Magic
 21584 | Lair:5   | Found a staircase to the Slime Pits.
 21748 | Lair:5   | Reached skill level 14 in Ice Magic
 21821 | Lair:5   | Learned a level 3 spell: Tukima's Dance
 21823 | Lair:5   | Learned a level 1 spell: Apportation
 22701 | Lair:5   | Identified a scroll of acquirement
 22703 | Lair:5   | Identified the +4 shield "Kaepock" {Str+3} (You acquired it
                  | on level 5 of the Lair of Beasts)
 22797 | Lair:6   | Entered Level 6 of the Lair of Beasts
 22946 | Lair:6   | Reached XP level 14. HP: 95/105 MP: 23/23
 22984 | Lair:6   | Reached skill level 15 in Ice Magic
 23473 | Lair:6   | Reached ****** piety under Makhleb
 23491 | Lair:6   | Reached skill level 10 in Fighting
 24324 | Lair:6   | Reached skill level 5 in Evocations
 24558 | Lair:6   | Learned a level 1 spell: Summon Butterflies
 24979 | D:12     | Found a staircase to the Orcish Mines.
 25298 | D:12     | Noticed Sonja
 25308 | D:12     | Killed Sonja
 25504 | D:12     | Found Gitisch's Weapon Shop.
 25947 | Orc:1    | Entered Level 1 of the Orcish Mines
 25962 | Orc:1    | Noticed Harold
 25972 | Orc:1    | Killed Harold
 26003 | Orc:2    | Entered Level 2 of the Orcish Mines
 26003 | Orc:2    | Found a staircase to the Elven Halls.
 26185 | Orc:2    | Found Etsit's Armour Boutique.
 26340 | Orc:2    | Found Busu's Gadget Emporium.
 26930 | Orc:2    | Reached XP level 15. HP: 115/115 MP: 21/24
 27122 | Orc:2    | Found Daybus's Armour Emporium.
 27155 | Orc:2    | Bought a +2 pair of boots of running for 539 gold pieces
 27436 | Orc:2    | Reached skill level 10 in Invocations
 27521 | Orc:2    | Noticed an orc warlord
 27542 | Orc:2    | Killed an orc warlord
 27996 | Orc:2    | Found Dim Jost's General Store.
 27997 | Orc:2    | Found Xaiguax's Book Emporium.
 27998 | Orc:2    | Found Poqo's Antique Armour Emporium.
 27998 | Orc:2    | Found Giroetuj's Antique Weapon Shoppe.
 28013 | Orc:2    | Bought a book of Minor Magic for 260 gold pieces
 28025 | Orc:2    | Paralysed by an orc sorcerer for 3 turns
 28176 | Orc:2    | Bought a heavy robe for 148 gold pieces
 28176 | Orc:2    | Bought a pair of twisted boots for 247 gold pieces
 28176 | Orc:2    | Identified the +2 pair of boots of Caroyhoo {rPois rF+
                  | Str+4} (You bought it in a shop on level 2 of the Orcish
                  | Mines)
 28177 | Orc:2    | Identified the +1 robe of the Depths {rElec MR+++ Dex-2
                  | Stlth+} (You bought it in a shop on level 2 of the Orcish
                  | Mines)
 28283 | Orc:2    | Bought a lamp of fire for 480 gold pieces
 28308 | Orc:2    | Bought a +0 helmet of see invisible for 149 gold pieces
 28888 | D:12     | Reached skill level 16 in Ice Magic
 29063 | D:13     | Noticed Rupert
 29196 | D:13     | Noticed Kirke
 29257 | D:12     | Killed Kirke
 29796 | D:13     | Killed Rupert
 29964 | D:13     | Noticed Nessos
 29982 | D:13     | Killed Nessos
 30239 | D:14     | Found Hasain's Book Emporium.
 30356 | D:14     | Reached skill level 17 in Ice Magic
 30711 | D:14     | Found Dampef's General Store.
 30750 | D:14     | Noticed Louise
 30780 | D:14     | Killed Louise
 30930 | D:14     | Found Ofet's Gadget Shoppe.
 30949 | D:14     | Found Rusone's Magic Scroll Shop.
 30952 | D:14     | Bought a scroll of enchant armour for 82 gold pieces
 30952 | D:14     | Bought a scroll of enchant armour for 82 gold pieces
 30989 | D:14     | Found a gate to the Vaults.
 31242 | D:14     | Found Iblelax's Antique Weapon Emporium.
 31250 | D:14     | Bought a scorched halberd for 243 gold pieces
 31250 | D:14     | Identified the cursed +1 halberd "Kety" {pain, *Noise +Rage
                  | rPois} (You bought it in a shop on level 14 of the Dungeon)
 31341 | D:15     | Entered Level 15 of the Dungeon
 31680 | D:15     | Reached skill level 18 in Ice Magic
 31721 | D:15     | Reached XP level 16. HP: 108/122 MP: 3/25
 32008 | D:15     | Found a staircase to the Depths.
 32407 | Shoals:1 | Entered Level 1 of the Shoals
 34023 | Shoals:2 | Found a hide-covered altar of Uskayaw.
 34302 | Shoals:2 | Found a runed gate.
 34302 | Shoals:2 | Found a runed gate.
 34312 | Shoals:2 | Noticed Munoepri's ghost (adept HaHu)
 34313 | Shoals:2 | Found a runed gate.
 34858 | Shoals:3 | Found a frozen archway.
 34956 | IceCv    | Entered an ice cave
 35259 | IceCv    | Reached skill level 10 in Evocations
 35483 | IceCv    | Reached XP level 17. HP: 109/133 MP: 24/29
 35603 | IceCv    | Noticed an Ice Fiend
 35668 | IceCv    | Killed an Ice Fiend
 35992 | IceCv    | Found the -2 hat of the Alchemist {rElec rPois rF+ rC+ rN+
                  | MR+ rMut rCorr}
 36008 | IceCv    | Got a pair of faintly humming gloves
 36019 | IceCv    | Identified the +0 pair of gloves of Abstinence {rF- rC+++
                  | rN+ Regen+} (You found it in an ice cave)
 36694 | Shoals:3 | Learned a level 2 spell: Blink
 36862 | Shoals:4 | Entered Level 4 of the Shoals
 37092 | Shoals:4 | Mangled by a merfolk impaler

Vault maps used:
D:1:      shiori_shiawase, minmay_shallow_snake_nest
D:2:      chequers_ecumenical_altar_island
D:3:      corexii_shack_village, guppyfry_early_orc_mine
D:4:      first_ration, portal_sewer_entry_b, ebering_ghost_inner_flame
D:5:      nicolae_elemental_shop, kennysheep_generic_room_15
D:6:      nicolae_gozag_seed_capital
D:7:      minmay_temple_entry_nine_rooms, biasface_ghost_orc_armoury,
          enter_ossuary_4, uniq_duvessa
D:8:      kennysheep_little_box, uniq_erica
D:9:      minmay_lair_entry_grove, hangedman_minor_gate_pass
D:10:     uniq_urug, uniq_josephine
D:12:     david_orc_2, serial_shops, shop_fountains, uniq_sonja
D:13:     uniq_kirke, uniq_nessos, uniq_rupert
D:14:     skrybe_vaults_entry_preservation, serial_shops, shop,
          nicolae_shop_overgrown_old_shop, shop, kennysheep_mini_moat,
          nicolae_shop_waterfront, hangedman_glass_teeth, uniq_louise
D:15:     grunt_enter_depths_hoard
Temple:   kilobyte_greek_temple
Lair:1:   chequers_serial_rivers_large_a
Lair:2:   nicolae_spider_entry_orb_guardian, basic_altar,
          gauntlet_entry_generic, kennysheep_abandoned_house,
          serial_bayou_shore_a, grunt_megastairs_4, serial_bayou_shore_b,
          minmay_lair_oklob_chamber
Lair:3:   elwin_shoals_entry_stream, grunt_megastairs_2
Lair:5:   nicolae_slime_entry_slimehenge, serial_forest,
          infiniplex_forest_side_room, infiniplex_forest_zigzag_2,
          infiniplex_forest_end_double, infiniplex_forest_corner_1,
          infiniplex_forest_corner_1, infiniplex_forest_join
Lair:6:   minmay_lair_end_frog_pond
Shoals:1: cheibrodos_shoals_epimethial_gifts, nicolae_shoals_drake_roost
Shoals:2: ebering_ghost_davey_jones, regret_index_shoals_crete
Shoals:3: portal_ice_cave_entry_pillars_three
Shoals:4: shoals_end_grunt_ice
Orc:1:    serial_shops, uniq_harold
Orc:2:    st_orc_congregation, special_room, serial_shops, shop, shop, shop
Sewer:    sewer_minmay_treatment
Ossuary:  ossuary_minmay_tomb_2a
IceCv:    ice_cave_caverns_03
Gauntlet: minmay_gauntlet_77_indecision

Skill      XL: |  1  2  3  4  5  6  7  8  9 10 11 12 13 14 15 16 17 |
---------------+----------------------------------------------------+-----
Ice Magic      | 4 5 6 8 10 11 14 15 18 | 18.0
Dodging        | 4 6 |  6.1
Fighting       | 2 6 8 10 11 12 | 12.0
Spellcasting   | 4 6 8 9 |  9.2
Evocations     | 1 4 8 10 | 10.0
Conjurations   | 1 2 4 |  4.0
Charms         | 4 6 |  6.0
Polearms       | 2 12 14 | 14.0
Invocations    | 6 9 10 11 12 | 12.0
Shields        | 4 |  4.3
Summonings     | 1 4 |  4.0
Hexes          | 1 4 |  4.0
Stealth        | |  2.1

Action                   |  1- 3 |  4- 6 |  7- 9 | 10-12 | 13-15 | 16-18 || total
-------------------------+-------+-------+-------+-------+-------+-------++-------
Melee: Short sword       |    24 |   274 |   374 |    35 |       |       ||   707
       Trident           |       |       |    15 |   611 |  1434 |   333 ||  2393
       Halberd           |       |       |       |     6 |       |       ||     6
       Scimitar          |       |       |       |    13 |       |       ||    13
       Tailslap          |       |       |       |       |     2 |     7 ||     9
       Demon trident     |       |       |       |       |       |   330 ||   330
Throw: Stone             |       |     1 |       |       |       |       ||     1
       Tomahawk          |       |       |     8 |     4 |       |     4 ||    16
       Javelin           |       |       |       |       |     8 |       ||     8
 Cast: Freeze            |    41 |    41 |    73 |    22 |    15 |       ||   192
       Throw Frost       |     1 |     2 |    22 |    13 |    21 |    10 ||    69
       Ozocubu's Armour  |       |     8 |    29 |    43 |    78 |    60 ||   218
       Throw Icicle      |       |       |       |    30 |    58 |    13 ||   101
       Spectral Weapon   |       |       |       |       |    63 |    56 ||   119
       Summon Ice Beast  |       |       |       |       |    11 |     1 ||    12
       Apportation       |       |       |       |       |     4 |       ||     4
       Regeneration      |       |       |       |       |    21 |    29 ||    50
       Tukima's Dance    |       |       |       |       |     3 |       ||     3
Invok: Lesser Servant of |       |       |       |       |    11 |     4 ||    15
       Greater Servant o |       |       |       |       |     3 |       ||     3
 Abil: Evoke Invisibilit |       |       |       |     1 |       |       ||     1
Evoke: Wand              |       |       |     8 |     9 |     5 |     1 ||    23
       Lamp of fire      |       |       |       |       |       |     1 ||     1
  Use: Scroll            |     2 |    12 |     9 |    11 |    21 |     5 ||    60
       Potion            |       |       |       |     3 |       |     1 ||     4
 Stab: Sleeping          |     2 |    13 |       |     7 |     6 |     5 ||    33
       Distracted        |     1 |     2 |       |     2 |    11 |     9 ||    25
       Held in net/web   |       |       |       |     3 |       |       ||     3
       Invisible         |       |       |       |     2 |       |       ||     2
       Paralysed         |       |       |       |       |     7 |       ||     7
  Eat: Chunk             |     4 |    12 |    15 |    29 |    39 |    17 ||   116
       Ration            |       |       |     2 |     1 |     6 |     1 ||    10
Armor: Leather armour    |    19 |    77 |   144 |    98 |   206 |    18 ||   562
       Troll leather arm |       |       |       |    40 |       |       ||    40
       Robe              |       |       |       |       |    70 |   110 ||   180
Dodge: Dodged            |    60 |   204 |   324 |   251 |   573 |   185 ||  1597
Block: Buckler           |       |       |       |    58 |   262 |   155 ||   475
       Reflection        |       |       |       |     7 |    19 |    19 ||    45
       Rpst.: Scimitar   |       |       |       |     5 |       |       ||     5

Table legend:
 A = Non-vault XP
 B = Vault XP
 C = Vault XP percentage of total XP
 D = Non-vault monster count
 E = Vault monster count
 F = Vault count percentage of total count
                 A         B        C        D         E       F
            +---------+---------+-------+---------+---------+-------
      Total |  118036 |   77887 |  39.8 |     611 |     400 |  39.6
            +---------+---------+-------+---------+---------+-------
        D:1 |      40 |       6 |  13.0 |      20 |       4 |  16.7
        D:2 |      77 |       0 |   0.0 |      20 |       0 |   0.0
        D:3 |     147 |      40 |  21.4 |      31 |      18 |  36.7
        D:4 |     436 |     198 |  31.2 |      20 |       9 |  31.0
        D:5 |     503 |       0 |   0.0 |      13 |       0 |   0.0
        D:6 |    1365 |       0 |   0.0 |      24 |       0 |   0.0
        D:7 |    1376 |    1340 |  49.3 |      26 |      14 |  35.0
        D:8 |    1501 |     939 |  38.5 |      10 |       1 |   9.1
        D:9 |    2207 |    3021 |  57.8 |      22 |      18 |  45.0
       D:10 |    2905 |    2720 |  48.4 |      26 |       6 |  18.8
       D:11 |    5305 |       0 |   0.0 |      38 |       0 |   0.0
       D:12 |   11980 |    3043 |  20.3 |      48 |      10 |  17.2
       D:13 |    5628 |    2913 |  34.1 |      23 |       2 |   8.0
       D:14 |    4006 |    6482 |  61.8 |      26 |      10 |  27.8
       D:15 |   10285 |    2083 |  16.8 |      23 |       2 |   8.0
     Lair:1 |    2027 |       0 |   0.0 |      12 |       0 |   0.0
     Lair:2 |    5352 |    2902 |  35.2 |      23 |      23 |  50.0
     Lair:3 |    2931 |    2292 |  43.9 |      13 |      11 |  45.8
     Lair:4 |    6919 |       0 |   0.0 |      21 |       0 |   0.0
     Lair:5 |    5186 |     321 |   5.8 |      27 |       7 |  20.6
     Lair:6 |    3330 |   12724 |  79.3 |       6 |      51 |  89.5
   Shoals:1 |   17294 |    9238 |  34.8 |      34 |      18 |  34.6
   Shoals:2 |    5445 |    5811 |  51.6 |       9 |      12 |  57.1
   Shoals:3 |   15008 |       0 |   0.0 |      30 |       0 |   0.0
      Orc:1 |    3740 |     976 |  20.7 |      33 |       1 |   2.9
      Orc:2 |    3043 |   10107 |  76.9 |      33 |      67 |  67.0
      Sewer |       0 |     189 | 100.0 |       0 |      48 | 100.0
    Ossuary |       0 |     430 | 100.0 |       0 |      16 | 100.0
      IceCv |       0 |   10112 | 100.0 |       0 |      52 | 100.0
            +---------+---------+-------+---------+---------+-------
